 Dungeon Crawl Stone Soup version 0.29-a0-477-g62b78b4225 (webtiles) character file.

Game seed: 7393044794806442173

91 greasedhog the Chopper (level 4, -1/39 HPs)
             Began as a Hill Orc Monk on May 24, 2022.
             Frozen to death by an endoplasm (4 damage)
             ... on level 3 of the Dungeon.
             The game lasted 00:02:23 (1666 turns).

greasedhog the Chopper (Hill Orc Monk)              Turns: 1666, Time: 00:02:23

Health: -1/39      AC: 10    Str: 15    XL:     4   Next: 57%
Magic:  4/4        EV:  2    Int: 10    God:
Gold:   24         SH:  7    Dex: 13    Spells: 3/3 levels left

rFire   . . .      SeeInvis .   a - +0 hand axe (venom)
rCold   . . .      Faith    .   d - +0 kite shield
rNeg    . . .      Spirit   .   j - +0 plate armour
rPois   .          Reflect  .   (no helmet)
rElec   .          Harm     .   (no cloak)
rCorr   .          Rampage  .   (no gloves)
Will    .....                   (no boots)
Stlth   ..........              (no amulet)
HPRegen 0.13/turn               (no ring)
MPRegen 0.09/turn               (no ring)

@: no status effects
A: no striking features
a: no special abilities


You were on level 3 of the Dungeon.
You visited 1 branch of the dungeon, and saw 3 of its levels.

You collected 76 gold pieces.
You spent 52 gold pieces at shops.

Inventory:

Hand Weapons
 a - a +0 hand axe of venom (weapon)
Armour
 d - a +0 kite shield (worn)
 j - a +0 plate armour (worn)
Scrolls
 b - a scroll of blinking
 f - a scroll of immolation
 h - a scroll of identify
 i - a scroll of teleportation
Potions
 c - a potion of ambrosia
 e - a potion of might {unknown}


   Skills:
 - Level 3.6 Fighting
 * Level 5.8 Axes
 * Level 3.0 Dodging
 - Level 1.5 Stealth
 * Level 1.3 Shields


You had 3 spell levels left.
You didn't know any spells.
Your spell library was empty.

Dungeon Overview and Level Annotations

Branches:
Dungeon (3/15)

Altars:

Shops:
D:1 ?*!   D:2 ?


Message History

You have reached level 4!
Things that are here:
a +0 dagger; a +0 robe; a +0 falchion You hit something but do no damage.
Something hits you but does no damage.
You hit something but do no damage. Something hits you.
You miss something.
You hear some strange, mumbled words.
A magic dart appears from out of thin air!
The magic dart hits you.
You hear some strange, mumbled words.
You are confused.
You're too confused to move!
You hear some strange, mumbled words.
A magic dart appears from out of thin air!
The magic dart hits you but does no damage.
You miss something.
You hear some strange, mumbled words.
Something tries to affect you, but you resist.
You bump into the rock wall.
Something hits you.
You barely miss something. Something hits you but does no damage.
Unknown command.
You barely miss something.
You hear some strange, mumbled words.
A magic dart appears from out of thin air!
The magic dart hits you.
You're too confused to move!
Something hits you.
You bump into the rock wall.
You feel less confused.
You hear some strange, mumbled words.
A puff of flame appears from out of thin air!
The puff of flame hits you!
* * * LOW HITPOINT WARNING * * *
You barely miss something.
Reactivating autopickup.
You feel a bit more experienced. The endoplasm hits you.
* * * LOW HITPOINT WARNING * * *
You hit the endoplasm but do no damage.
The endoplasm is poisoned.
The endoplasm freezes you.
You are frozen.
You die...

#.# #.# #. #.# #
#.##.# .. #.##.#
######..#
#.##.#.##........
#....#..o........
#....####oo.....S
#....'†@JS.......
#†...####........
#....# #........
#.#### #########
#.#######
#<.......
#.####### #.# #.#


You could see 2 orcs, an endoplasm (very poisoned) and a ball python.

Vanquished Creatures
  2 orc wizards (D:3)
  An adder (D:3)
  A dart slug (D:3)
  An orc (D:3)
  7 endoplasms
  A giant cockroach (D:2)
  A hobgoblin (D:1)
  2 kobolds
  7 ball pythons
  2 frilled lizards (D:1)
  2 goblins (D:1)
  4 rats
  A spectral kobold (D:1)
32 creatures vanquished.

Notes
Turn   | Place    | Note
-------+----------+-------------------------------------------
     0 | D:1      | greasedhog the Hill Orc Monk began the quest for the Orb.
     0 | D:1      | Reached XP level 1. HP: 19/19 MP: 1/1
   134 | D:1      | Found Zoqeughy's Distillery.
   136 | D:1      | Found Osuah's Magic Scroll Shop.
   439 | D:1      | Reached XP level 2. HP: 24/26 MP: 2/2
   480 | D:1      | Found Juigup's Assorted Antiques.
   565 | D:1      | Found a faded altar of an unknown god.
  1269 | D:2      | Found Vopt's Magic Scroll Emporium.
  1279 | D:2      | Reached XP level 3. HP: 30/31 MP: 3/3
  1292 | D:2      | Bought a scroll of identify for 26 gold pieces
  1292 | D:2      | Bought a scroll of identify for 26 gold pieces
  1319 | D:2      | You fall into a shaft and drop 1 floor!
  1398 | D:3      | Reached skill level 5 in Axes
  1653 | D:3      | Reached skill level 1 in Shields
  1654 | D:3      | Reached XP level 4. HP: 24/39 MP: 4/4
  1666 | D:3      | Frozen to death by an endoplasm

Illustrated notes

Levels and vault maps discovered:
D:1:      evilmike_arrival_rings, layout_basic, serial_shops, shop, shop_statue,
          nicolae_shop_trees, dreamdust_ecumenical_altar_drowned_temple
D:2:      cheibrodos_greedy_goblins, layout_rooms, serial_shops,
          nicolae_lakefront_shop, shop, nicolae_shop_waterfront,
          nicolae_shop_temple_entry_statues_fountains, serial_forest,
          infiniplex_forest_lined_1, infiniplex_forest_end_3,
          infiniplex_forest_lined_1, infiniplex_forest_lined_1,
          infiniplex_forest_zigzag_1
D:3:      layout_basic

Skill      XL: |  1  2  3 |
---------------+----------+-----
Axes           | 5 |  5.8
Shields        | 1 |  1.3
Dodging        | 3 |  3.0
Fighting       | |  3.6
Stealth        | |  1.5

Action                   |  1- 3 |  4- 6 || total
-------------------------+-------+-------++-------
Melee: Hand axe          |    77 |     8 ||    85
  Use: Scroll            |     4 |       ||     4
Armor: Robe              |     2 |       ||     2
       Ring mail         |    13 |       ||    13
       Plate armour      |     6 |     3 ||     9
Dodge: Dodged            |    19 |       ||    19
Block: Kite shield       |    25 |       ||    25

Table legend: (Time is in decaauts)
 A = Elapsed time spent in this place.
 B = Non-inter-level travel time spent in this place.
 C = Inter-level travel time spent in this place.
 D = Time resting spent in this place.
 E = Time spent auto-exploring this place.
 F = Levels seen in this place.
 G = Mean time per level.
                   A        B        C        D        E       F      G
               +--------+--------+--------+--------+--------+-----+--------+
         Total |   1695 |   1626 |     69 |      0 |   1348 |   3 |  565.0 |
       Dungeon |   1695 |   1626 |     69 |      0 |   1348 |   3 |  565.0 |
               +--------+--------+--------+--------+--------+-----+--------+

Top non-repeatable levels by time:
     D:1: 1290 daAuts
     D:3: 352 daAuts
     D:2: 52 daAuts
